 Dungeon Crawl Stone Soup version 0.17.1-3-g152610e (webtiles) character file.

239 kaze the Ruffian (level 5, 0/79 HPs)
             Began as a Troll Berserker on Mar 3, 2016.
             Was a Priest of Trog.
             Slain by a gnoll
             ... wielding a +2 dagger of chaos
              (1 damage)
             ... on level 3 of the Dungeon.
             The game lasted 00:07:12 (2235 turns).

kaze the Ruffian (Troll Berserker)                  Turns: 2235, Time: 00:07:12

Health: 0/79       AC:  5    Str: 31    XL:     5   Next: 79%
Magic:  3/4        EV: 10    Int:  3    God:    Trog [***...]
Gold:   179        SH:  0    Dex:  9    Spells: 0 memorised, 4 levels left

rFire  . . .     SeeInvis .     c - -1 flail (curse)
rCold  . . .     Clarity  .     a - +0 animal skin
rNeg   . . .     SustAt   .     (no shield)
rPois  .         Gourm    +     (helmet restricted)
rElec  .         Spirit   .     (no cloak)
rCorr  .         Warding  .     (gloves unavailable)
rMut   .         Stasis   .     (boots unavailable)
MR     .....                    (no amulet)
Stlth  ..........               (no ring)
                                (no ring)

@: berserking (expiring), lethally poisoned (0 -> -6), very slightly
contaminated, slowed, drained, invisible, not resistant to hostile enchantments,
extremely unstealthy
A: unfitting armour, claws 3, fast metabolism 3, gourmand, regeneration 2,
shaggy fur 1, tough skin 2
a: Berserk, Trog's Hand, Burn Spellbooks, Renounce Religion


You were on level 3 of the Dungeon.
You worshipped Trog.
Trog was most pleased with you.
You were completely stuffed.

You visited 1 branch of the dungeon, and saw 3 of its levels.

You collected 179 gold pieces.

Inventory:

Hand Weapons
 c - a cursed -1 flail (weapon)
 n - a +0 flail of protection
Armour
 a - a +0 animal skin (worn)
Scrolls
 e - 4 scrolls of teleportation
 f - a scroll of identify
 h - a scroll of enchant armour
Potions
 g - a potion of cancellation
Comestibles
 b - 6 bread rations
 d - 2 meat rations
 l - 3 fruits
 p - 2 chunks of flesh


   Skills:
 + Level 3.3(3.0) Fighting
 + Level 0.3(0.1) Maces & Flails
 + Level 3.9(3.7) Dodging
 + Level 0.7(0.4) Stealth
 + Level 4.2(3.9) Unarmed Combat


You had 4 spell levels left.
You didn't know any spells.

Dungeon Overview and Level Annotations

Branches:
Dungeon (3/15)

Altars:
Qazlal
Xom
Beogh


Innate Abilities, Weirdness & Mutations

You are too large for most types of armour.
You have claws for hands.
Your metabolism is lightning-fast.
You like to eat raw meat.
You heal very quickly.
You are covered in fur (AC +1).
You have very tough skin (AC +2).


Message History

* * * LOW HITPOINT WARNING * * *
Found 14 gold pieces.
You see here a spear of chaos.
You barely miss the gnoll.
The gnoll is heavily wounded.
You feel sick.
The gnoll splashes around in the water.
The gnoll barely misses you.
The gnoll splashes around in the water.
The gnoll hits you with a spear of chaos!
* * * LOW HITPOINT WARNING * * *
You sock the gnoll!
You kill the gnoll!
Trog accepts your kill.
You hear a splash.
* * * LOW HITPOINT WARNING * * *
You feel very sick. The gnoll barely misses you.
The gnoll hits you with a dagger of chaos.
* * * LOW HITPOINT WARNING * * *
The gnoll burns you.
You die...

#.##..)..## #≈ ##...#.#.##.....
#.##.##.##..≈≈.#≈$###.##.###.#...
#.##.##[# ≈≈≈.#..#≈#..#### #.##..
#.##.#### ⌠$..⌠≈⌠≈.#..# #.###.
#.##.#### ≈.###≈.≈≈#.## #.# ##
........# ....g≈.##.# #.####
#.##.#### ##..#≈##.# #....)
#.##.# ##≈≈##g#≈..# ######
#.##.#### ≈##.§§@.≈### ####
#.##....#≈.#≈##gg≈.# #...
#.#####.##^.#≈.#.≈.# #.#. #.#
#.#..⌠...≈≈≈≈# #.#. #.#####.#
#⌠.≈.≈..≈###########.#.
#.......##_.≈..≈.⌠##...........#.
#######.###.##≈..##.#####.######.
#.# ##.##⌠## #.# #. #.######
##########.# #.


You could see 4 gnolls.

Vanquished Creatures
  An orc priest (D:3)
  2 orc wizards (D:3)
  Robin (D:2)
  2 gnolls (D:3)
  3 adders
  3 oozes (D:1)
  2 worms
  4 giant geckos
  6 orcs (D:3)
  6 bats
  A giant cockroach (D:1)
  13 goblins
  9 hobgoblins
  2 quokkas
  A ball python (D:2)
  2 giant newts
  5 jackals (D:1)
  3 kobolds
  8 rats
74 creatures vanquished.

Notes
Turn   | Place    | Note
--------------------------------------------------------------
     0 | D:1      | kaze the Troll Berserker began the quest for the Orb.
     0 | D:1      | Reached XP level 1. HP: 22/22 MP: 0/0
   205 | D:1      | Reached XP level 2. HP: 29/29 MP: 1/1
   535 | D:1      | Reached XP level 3. HP: 36/36 MP: 2/2
   681 | D:1      | Reached ** piety under Trog
   760 | D:2      | Noticed Robin
   792 | D:2      | Killed Robin
  1017 | D:2      | Reached XP level 4. HP: 45/45 MP: 3/3
  1663 | D:3      | Found a roughly hewn altar of Beogh.
  1680 | D:3      | Reached XP level 5. HP: 29/53 MP: 4/4
  1795 | D:3      | Reached *** piety under Trog
  1795 | D:3      | Reached skill level 4 in Unarmed Combat
  2044 | D:3      | Found a stormy altar of Qazlal.
  2228 | D:3      | Found a shimmering altar of Xom.
  2235 | D:3      | HP: 1/79 [gnoll/dagger of chaos (6)]
  2235 | D:3      | Slain by a gnoll

Action                   |  1- 3 |  4- 6 || total
-------------------------+-------+-------++-------
Melee: Unarmed           |    90 |    50 ||   140
       Flail             |       |    66 ||    66
Invok: Berserk           |     1 |     1 ||     2
       Trog's Hand       |       |     1 ||     1
  Use: Scroll            |       |     7 ||     7
       Potion            |       |     2 ||     2
 Stab: Sleeping          |       |     1 ||     1
  Eat: Chunk             |    16 |    12 ||    28
